 Dungeon Crawl Stone Soup version 0.24-a0-613-g1ff6aac338 (webtiles) character file.

Game seed: 3993109844672870345, levelgen mode: deterministic

328 MenacingMecha the Slasher (level 6, 0/46 HPs)
             Began as a Barachi Skald on Sept 11, 2019.
             Slain by a bullfrog skeleton (6 damage)
             ... on level 4 of the Dungeon.
             The game lasted 00:11:33 (4638 turns).

MenacingMecha the Slasher (Barachi Skald)           Turns: 4638, Time: 00:11:34

Health: 0/46       AC:  4    Str: 14    XL:     6   Next: 50%
Magic:  9/9        EV: 12    Int: 13    God:
Gold:   209        SH:  0    Dex: 12    Spells: 3/9 levels left

rFire    . . .     SeeInvis .   q - +4 hand axe (elec)
rCold    . . .     Gourm    .   (no shield)
rNeg     + . .     Faith    .   b - +0 leather armour
rPois    .         Spirit   .   (no helmet)
rElec    .         Reflect  .   i - +0 cloak
rCorr    .         Harm     .   (no gloves)
MR       .....                  (no boots)
Stlth    +.........             (no amulet)
HPRegen  0.15/turn              t - ring of positive energy {rN+}
MPRegen  0.11/turn              (no ring)

@: singing (expiring), can't hop, slow
A: +LOS, swims, slowness 1, strong legs 1
a: Hop


You were on level 4 of the Dungeon.
You were not hungry.

You visited 1 branch of the dungeon, and saw 4 of its levels.

You collected 209 gold pieces.

Inventory:

Hand Weapons
 a - a +0 falchion
 q - a +4 hand axe of electrocution (weapon)
   (You took it off an orc on level 3 of the Dungeon)
Missiles
 g - 6 boomerangs of dispersal
 h - 68 stones (quivered)
 j - 57 bolts
 k - 7 poisoned darts
 p - 32 arrows
 v - 5 boomerangs
Armour
 b - a +0 leather armour (worn)
 i - a +0 cloak (worn)
   (You found it on level 1 of the Dungeon)
Jewellery
 r - an uncursed ring of protection from magic {unknown}
   (You found it on level 3 of the Dungeon)
 t - a ring of positive energy (left hand) {rN+}
   (You found it on level 3 of the Dungeon)
Scrolls
 c - 4 scrolls of amnesia {unknown}
 e - 2 scrolls of teleportation {unknown}
 f - a scroll of blinking {unknown}
 l - 5 scrolls of identify {unknown}
 m - a scroll of noise {unknown}
 n - a scroll of immolation {unknown}
 o - 2 scrolls of remove curse {unknown}
 s - a scroll of fear {unknown}
Comestibles
 d - 4 rations
 u - 3 chunks of flesh


   Skills:
 - Level 2.4 Fighting
 - Level 5.8 Long Blades
 * Level 1.9 Axes
 - Level 1.2 Armour
 - Level 2.1 Dodging
 - Level 2.1 Spellcasting
 + Level 4.5 Charms
 + Level 2.2 Necromancy


You had 3 spell levels left.
You knew the following spells:

 Your Spells              Type           Power        Failure   Level  Hunger
a - Infusion              Chrm           ##..         4%          1    ##.....
r - Regeneration          Chrm/Necr      ##........   22%         3    ####...
S - Song of Slaying       Chrm           ##......     7%          2    ###....

Your spell library contained the following spells:

 Spells                   Type           Power        Failure   Level  Hunger
 Shroud of Golubria       Chrm/Tloc      #.....       19%         2    ###....
 Spectral Weapon          Hex/Chrm       #.......     34%         3    ####...


Dungeon Overview and Level Annotations

Branches:
Dungeon (4/15)
 Temple: D:4-7

Altars:
Ashenzari
Dithmenos
Nemelex Xobeh
Qazlal
Ru
Yredelemnul


Innate Abilities, Weirdness & Mutations

Shadows flee at your approach. (+LOS)
You can swim through water.
You cover ground slowly.
You can hop short distances.


Message History

Found an escape hatch in the floor.
You closely miss the ball python. The ball python barely misses you. x2
You barely miss the ball python. The ball python barely misses you.
The ball python misses you.
You closely miss the ball python. The ball python barely misses you.
The ball python grabs you. The ball python constricts you.
The ball python closely misses you. The ball python constricts you.
You slash the ball python!
Lightning courses through the ball python!
You kill the ball python!
No target in view!
No target in view!
No target in view!
No target in view!
You see here a ball python corpse.
You butcher the ball python corpse.
u - 5 chunks of flesh (gained 4)
You see here a ball python skeleton.
Found a basalt altar of Yredelemnul.
You now have 209 gold pieces (gained 13).
Found a stone staircase leading down.
j - 57 bolts (gained 19) Some of the chunks of flesh in your inventory have rotted away.
A worker ant comes into view.
The worker ant twitches its antennae in your direction.
The worker ant barely misses you. The worker ant bites you.
You are poisoned.
The worker ant poisons you!
You barely miss the worker ant.
You feel sick. The worker ant bites you.
You closely miss the worker ant.
You feel sick. The worker ant misses you. The worker ant bites you.
You hit the worker ant.
The worker ant is moderately wounded.
The worker ant completely misses you.
You hit the worker ant.
Lightning courses through the worker ant!
You kill the worker ant!
You feel sick.
You are feeling hungry.
You feel sick.
h - 68 stones (gained 18)
You start resting.
Eating one of 4 chunks of flesh.
You eat one of the 4 chunks of flesh.
This raw flesh tastes terrible.
You feel sick. x3
An orc comes into view. It is wielding a +0 trident.
An orc is nearby!
You feel sick.
You are no longer poisoned.
The orc shouts!
You hear a shout!
An orc wizard comes into view. It is wielding a +0 short sword.
The orc barely misses you.
Casting: Song of Slaying (safe; 8% risk of failure)
Confirm with . or Enter, or press ? or * to list all spells.
You start singing a song of slaying.
You hear a shout!
You hear a shout!
The orc hits you with a +0 trident.
An orc wizard comes into view. It is wielding a +0 falchion.
The orc hits you with a +0 trident.
You slash the orc! Lightning courses through the orc!
You kill the orc!
You slash the orc wizard! The orc wizard casts a spell at you.
The magic dart hits you. The orc wizard closely misses you.
An orc comes into view. It is wielding a +0 short sword.
You completely miss the orc wizard.
The orc wizard is heavily wounded.
The orc wizard hits you with a +0 short sword.
You hit the orc wizard.
The orc wizard is severely wounded.
The orc wizard casts a spell at you. The magic dart hits you.
An orc comes into view. It is wielding a +0 trident.
The orc wizard points at you and mumbles some strange words.
The magic dart hits you.
You miss the orc wizard.
The orc wizard is severely wounded.
The orc wizard gestures at you while chanting.
The magic dart hits you!
* * * LOW HITPOINT WARNING * * *
You slash the orc wizard!
You kill the orc wizard!
You closely miss the orc wizard.
The orc wizard hits you with a +0 falchion.
* * * LOW HITPOINT WARNING * * *
A bullfrog skeleton comes into view.
You aren't carrying any potions.
Hop to where?
Press: ? - help, Dir - move target cursor Boing!
The orc wizard gestures wildly while chanting.
The orc wizard blinks!
Your song is almost over.
The bullfrog skeleton misses you.
There is an escape hatch in the floor here.
You can't go up here!
The bullfrog skeleton hits you.
* * * LOW HITPOINT WARNING * * *
The bullfrog skeleton hits you.
You die...

#.#.##........# ##......# ######
#.....###.#.#.####.......###.......
#.P.P.###...#.#..................#.
#.._...###....#......o...#.#...#...
#.P.P..######...)o.........# #.....
#.......................#### #....
#####...................# #...
#########....Z......## #... ######
#......@.......### #...
#....####.##.............######..
#................................
#.................#....#.#####...
#.......รท...####.##.##.#.# #...
#..>...##.### #.##.##<#.#####...
#....#..#.######.##.........#....
#............#................[..
#######...##...##............##..


You could see 2 orcs and a bullfrog skeleton.

Vanquished Creatures
  2 orc wizards
  3 worker ants (D:4)
  4 gnolls (D:2)
  5 adders
  A shadow imp (D:3)
  An ooze (D:3)
  An adder skeleton (D:3)
  5 leopard geckos
  13 orcs
  A ball python (D:4)
  6 bats
  3 giant cockroaches
  4 hobgoblins
  8 jackals
  5 kobolds
  2 quokkas (D:3)
  5 frilled lizards
  13 goblins
  7 rats
89 creatures vanquished.

Notes
Turn   | Place    | Note
-------+----------+-------------------------------------------
     0 | D:1      | MenacingMecha the Barachi Skald began the quest for the
                  | Orb.
     0 | D:1      | Reached XP level 1. HP: 17/17 MP: 3/3
    32 | D:1      | HP: 4/17 [leopard gecko (1)]
    41 | D:1      | Reached skill level 3 in Long Blades
   411 | D:1      | Reached XP level 2. HP: 18/23 MP: 5/5
   672 | D:1      | Reached skill level 4 in Long Blades
   681 | D:1      | Reached XP level 3. HP: 24/28 MP: 6/6
  1298 | D:2      | Learned a level 2 spell: Song of Slaying
  1302 | D:2      | Learned a level 3 spell: Regeneration
  1321 | D:2      | Found a shadowy altar of Dithmenos.
  1585 | D:2      | Reached XP level 4. HP: 31/34 MP: 7/7
  2066 | D:2      | HP: 5/34 [gnoll/+0 spear (7)]
  2071 | D:2      | Reached skill level 5 in Long Blades
  2218 | D:2      | Found a shattered altar of Ashenzari.
  2343 | D:2      | Reached skill level 1 in Necromancy
  2668 | D:2      | HP: 3/34 [gnoll/+0 halberd (12)]
  3068 | D:3      | Reached XP level 5. HP: 34/39 MP: 5/8
  3170 | D:3      | Found a stormy altar of Qazlal.
  3207 | D:3      | Reached skill level 4 in Charms
  3470 | D:3      | Found a sacrificial altar of Ru.
  4371 | D:4      | Reached XP level 6. HP: 43/46 MP: 9/9
  4380 | D:4      | Reached skill level 2 in Necromancy
  4396 | D:4      | Reached skill level 1 in Axes
  4488 | D:4      | Found a sparkling altar of Nemelex Xobeh.
  4532 | D:4      | Found a basalt altar of Yredelemnul.
  4625 | D:4      | HP: 9/46 [orc wizard/magic dart (8)]
  4638 | D:4      | HP: 6/46 [bullfrog skeleton (2)]
  4638 | D:4      | Slain by a bullfrog skeleton

Levels and vault maps discovered:
D:1:      minmay_arrival_glassed_features, layout_basic, st_stairs_4,
          minmay_misc_feat_four_crosses
D:2:      layout_basic, nicolae_overflow_hidden_temple,
          nicolae_dithmenos_shadow_blocks
D:3:      layout_basic, overflow_temple_1_default, nicolae_ru_path_of_blood,
          grunt_decor_cap, hangedman_decor_clover_reticule
D:4:      layout_rooms, yredelemnul_altar_generic,
          nemelex_xobeh_ov_fountains_minmay, chequers_serial_rivers_micro_b

Skill      XL: |  1  2  3  4  5  6 |
---------------+-------------------+-----
Long Blades    | 3 4 5 |  5.8
Necromancy     | 1 2 |  2.2
Charms         | 4 |  4.5
Axes           | 1 |  1.9
Fighting       | |  2.4
Armour         | |  1.2
Dodging        | |  2.1
Spellcasting   | |  2.1

Action                   |  1- 3 |  4- 6 || total
-------------------------+-------+-------++-------
Melee: Falchion          |   120 |   154 ||   274
       Hand axe          |       |    30 ||    30
 Cast: Song of Slaying   |       |     3 ||     3
       Infusion          |       |     2 ||     2
 Abil: Hop               |     1 |     2 ||     3
  Use: Potion            |       |     5 ||     5
 Stab: Sleeping          |       |     1 ||     1
  Eat: Chunk             |     3 |    11 ||    14
Armor: Leather armour    |    40 |    46 ||    86
Dodge: Dodged            |    90 |   140 ||   230
       Rpst.: Falchion   |    24 |    31 ||    55

Table legend:
 A = Non-vault XP
 B = Vault XP
 C = Vault XP percentage of total XP
 D = Non-vault monster count
 E = Vault monster count
 F = Vault count percentage of total count
                 A         B        C        D         E       F
            +---------+---------+-------+---------+---------+-------
      Total |     466 |       3 |   0.6 |      87 |       2 |   2.2
            +---------+---------+-------+---------+---------+-------
        D:1 |      35 |       3 |   7.9 |      20 |       2 |   9.1
        D:2 |     112 |       0 |   0.0 |      21 |       0 |   0.0
        D:3 |     166 |       0 |   0.0 |      37 |       0 |   0.0
        D:4 |     153 |       0 |   0.0 |       9 |       0 |   0.0
            +---------+---------+-------+---------+---------+-------

Levels and vault maps discovered:
D:1:      minmay_arrival_glassed_features, layout_basic, st_stairs_4,
          minmay_misc_feat_four_crosses
D:2:      layout_basic, nicolae_overflow_hidden_temple,
          nicolae_dithmenos_shadow_blocks
D:3:      layout_basic, overflow_temple_1_default, nicolae_ru_path_of_blood,
          grunt_decor_cap, hangedman_decor_clover_reticule
D:4:      layout_rooms, yredelemnul_altar_generic,
          nemelex_xobeh_ov_fountains_minmay, chequers_serial_rivers_micro_b

Table legend:
 A = Turns spent in this place as a percentage of turns spent in the entire game.
 B = Non-inter-level travel turns spent in this place as a percentage of non-inter-level travel turns spent in the entire game.
 C = Inter-level travel turns spent in this place as a percentage of turns spent in this place.
 D = Turns resting spent in this place as a percentage of non-inter-level travel turns spent in this place.
 E = Turns spent auto-exploring this place as a percentage of non-inter-level travel turns spent in this place.
 F = Non-inter-level travel turns spent in this place divided by the number of levels of this place that you've seen.
                   A       B       C       D       E      F
               +-------+-------+-------+-------+-------+----------------------
         Total | 100.0 | 100.0 |   3.5 |  44.5 |  26.5 | 1118.5
       Dungeon | 100.0 | 100.0 |   3.5 |  44.5 |  26.5 | 1118.5
               +-------+-------+-------+-------+-------+----------------------

Table legend:
 A = Kills in this place as a percentage of kills in entire the game.
 B = Kills by you in this place as a percentage of kills by you in the entire game.
 C = Kills by friends in this place as a percentage of kills by friends in the entire game.
 D = Other kills in this place as a percentage of other kills in the entire game.
 E = Experience gained in this place as a percentage of experience gained in the entire game.
 F = Experience gained in this place divided by the number of levels of this place that you have seen.
                   A       B       C       D       E      F
               +-------+-------+-------+-------+-------+----------------------
         Total | 100.0 | 100.0 |   N/A |   N/A | 100.0 | 117.2
       Dungeon | 100.0 | 100.0 |   N/A |   N/A | 100.0 | 117.2
               +-------+-------+-------+-------+-------+----------------------
